 Dungeon Crawl Stone Soup version 0.29.0-15-g675c0067aa (webtiles) character file.

Game seed: 16774042945203590565

473 qw the Chopper (level 7, -14/43 HPs)
             Began as a Gargoyle Fighter on Sept 12, 2022.
             Demolished by an ogre
             ... wielding a +0 giant club
              (17 damage)
             ... on level 5 of the Dungeon.
             The game lasted 00:01:29 (3642 turns).

qw the Chopper (Gargoyle Fighter)                   Turns: 3642, Time: 00:01:30

Health: -14/43     AC: 17    Str: 21    XL:     7   Next: 10%
Magic:  7/7        EV:  9    Int:  9    God:
Gold:   290        SH:  4    Dex:  9    Spells: 6/6 levels left

rFire   . . .      SeeInvis .   Y - +0 war axe
rCold   . . .      Faith    .   c - +0 buckler
rNeg    + . .      Spirit   .   h - +0 plate armour
rPois   inf        Reflect  .   (no helmet)
rElec   +          Harm     .   (no cloak)
rCorr   +          Rampage  .   i - +0 pair of gloves
Will    .....                   (no boots)
Stlth   ..........              (no amulet)
HPRegen 0.14/turn               a - +4 ring of evasion
MPRegen 0.10/turn               e - ring of resist corrosion

@: about to teleport
A: sickness immunity, AC +4, negative energy resistance 1, electricity
resistance, torment resistance 1, petrification resistance
a: no special abilities


You were on level 5 of the Dungeon.
You visited 1 branch of the dungeon, and saw 5 of its levels.

You collected 290 gold pieces.


Innate Abilities, Weirdness & Mutations

You are immune to sickness and miasma.
Your stone body is resilient. (AC +4)
You are immune to poison.
You resist negative energy. (rN+)
You are resistant to electric shocks. (rElec)
You are resistant to unholy torment.
You are immune to petrification.


   Skills:
 - Level 4.0 Fighting
 + Level 6.2 Axes
 - Level 4.0 Armour
 - Level 3.2 Shields


You had 6 spell levels left.
You didn't know any spells.
Your spell library was empty.

Inventory:

Hand Weapons
 b - a +0 flail
 Y - a +0 war axe (weapon)
Armour
 c - a +0 buckler (worn)
 h - a +0 plate armour (worn)
 i - a +0 pair of gloves (worn)
Jewellery
 a - a +4 ring of evasion (left hand)
 e - a ring of resist corrosion (right hand)
 l - a ring of fire
Scrolls
 n - a scroll of identify
Potions
 d - 2 potions of might
 g - a potion of cancellation
 j - a potion of attraction
 k - a potion of haste
 m - a potion of curing
 o - a potion of brilliance {unknown}

Dungeon Overview and Level Annotations

Branches:
Dungeon (5/15)
 Temple: D:4-7

Altars:
Fedhas
Wu Jian


Message History

The adder is moderately wounded.
The adder bites you but does no damage.
You closely miss the adder.
The adder is moderately wounded.
The adder bites you but does no damage. x2
You hit the adder.
The adder is almost dead.
The adder bites you but does no damage. x2
You miss the adder.
The adder is almost dead.
The adder bites you but does no damage.
You barely miss the adder.
The adder is almost dead.
The adder bites you but does no damage. x2
You slash the adder!
You kill the adder!
You start resting.
There are monsters nearby!
The adder hisses angrily.
The ogre shouts!
You slash the adder!
The adder is severely wounded.
The adder bites you but does no damage. x2
You miss the adder.
The adder is severely wounded.
You completely miss the ogre.
You hear the slow rusting of a distant drain.
The adder closely misses you. The ogre hits you with a +0 giant club!
The adder bites you but does no damage.
3640 ||| READING scroll of teleportation.
As you read the scroll of teleportation, it crumbles to dust.
You feel strangely unstable. The adder bites you but does no damage.
You slash the adder!
You kill the adder!
You hit the ogre. The ogre barely misses you.
You hit the ogre.
The ogre is lightly wounded.
The ogre hits you with a +0 giant club!
You die...

...... # #....##### #.
#........ #.. #..#.#.# #
#...##........ .. ..
#.........#.#.#...#.#.#.
#............#..........
.......@%...# #.....#.#.
(...###O...........!.$..
. #.......# ......#.
#........ .......J
#........ #.#.#. .##
#........ #.... ...
#........ #.#.#. ###
#..........$...... #}#
......#.#.


You could see an ogre.

Vanquished Creatures
  A black bear (D:4)
  2 jellies
  2 hounds (D:4)
  2 orc priests
  Ijyb (D:3)
  An orc wizard (D:5)
  4 adders
  A white imp (D:5)
  2 dart slugs
  5 orcs
  8 bats
  10 endoplasms
  4 giant cockroaches
  11 goblins
  7 hobgoblins
  8 jackals (D:4)
  5 quokkas
  5 ball pythons
  6 frilled lizards
  8 kobolds
  4 rats
97 creatures vanquished.

Vanquished Creatures (others)
  12 plants (D:4)
12 creatures vanquished.

Grand Total: 109 creatures vanquished

Notes
Turn   | Place    | Note
-------+----------+-------------------------------------------
     0 | D:1      | qw the Gargoyle Fighter began the quest for the Orb.
     0 | D:1      | Reached XP level 1. HP: 14/14 MP: 1/1
     0 | D:1      | 0 ||| qw: Version: 0.1-a-119-g272c26d
     0 | D:1      | 0 ||| qw: Game counter: 10892
     0 | D:1      | 0 ||| qw: Always use a shield: true
     0 | D:1      | 0 ||| qw: God list: Okawaru
     0 | D:1      | 0 ||| qw: Allow faded altars: false
     0 | D:1      | 0 ||| qw: Do Orc after D:15 true
     0 | D:1      | 0 ||| qw: Do second Lair branch before Depths: true
     0 | D:1      | 0 ||| qw: Lair rune preference: random
     0 | D:1      | 0 ||| qw: Plans: Normal, Zot, God:TSO, Crypt, Tomb, Pan,
                  | Slime, Hells, Zig, Abyss, Orb
     0 | D:1      | 0 ||| PLANNING D:1-11
    43 | D:1      | Reached skill level 2 in Axes
    63 | D:1      | 63 ||| Stepping ~*~*~tactically~*~*~ (stealth).
   160 | D:1      | Reached XP level 2. HP: 13/19 MP: 2/2
   609 | D:1      | Reached skill level 3 in Axes
   702 | D:1      | Reached XP level 3. HP: 23/23 MP: 3/3
  1041 | D:1      | 1041 ||| DROPPING orb of wrath.
  1042 | D:1      | 1042 ||| UPGRADING to +0 pair of gloves.
  1047 | D:1      | 1047 ||| READING scroll labelled DOLEIL YDWEST.
  1148 | D:1      | 1148 ||| READING scroll labelled TAAHEN IROEMM.
  1149 | D:1      | 1149 ||| READING scroll labelled GEUJAR HI WOE.
  1150 | D:1      | 1150 ||| DRINKING 2 sedimented ruby potions.
  1625 | D:2      | 1625 ||| Stepping ~*~*~tactically~*~*~ (hiding).
  1767 | D:2      | Found a faded altar of an unknown god.
  1879 | D:2      | 1879 ||| UPGRADING to +0 plate armour.
  1889 | D:2      | 1889 ||| DROPPING +0 scale mail.
  1890 | D:2      | 1890 ||| UPGRADING to +4 ring of evasion.
  1891 | D:2      | 1891 ||| READING 2 scrolls labelled KAGHYJ NEESEJ.
  1896 | D:2      | 1896 ||| READING scroll labelled KOMUIBROTRI.
  1897 | D:2      | 1897 ||| READING 2 scrolls labelled OSUNUK LABYIS.
  1898 | D:2      | 1898 ||| DRINKING 2 fizzy yellow potions.
  1899 | D:2      | 1899 ||| DRINKING 2 bubbling black potions.
  1900 | D:2      | 1900 ||| DROPPING potion of flight.
  1967 | D:3      | Reached skill level 4 in Axes
  1967 | D:3      | Reached XP level 4. HP: 24/28 MP: 4/4
  1982 | D:3      | 1982 ||| Stepping ~*~*~tactically~*~*~ (stealth).
  2008 | D:3      | 2008 ||| DROPPING +0 whip.
  2017 | D:3      | Noticed Ijyb
  2030 | D:3      | Killed Ijyb
  2031 | D:3      | Reached XP level 5. HP: 19/32 MP: 5/5
  2683 | D:3      | 2683 ||| UPGRADING to ring of resist corrosion.
  2684 | D:3      | 2684 ||| READING scroll labelled HIDISEUDOC.
  2685 | D:3      | 2685 ||| READING 2 scrolls labelled PIHOLO YPSAI.
  2686 | D:3      | 2686 ||| READING 2 scrolls of identify.
  2686 | D:3      | 2686 ||| IDENTIFYING grey potion
  2687 | D:3      | 2687 ||| DROPPING scroll of fear.
  2734 | D:4      | Reached skill level 5 in Axes
  2734 | D:4      | 2734 ||| STAIRDANCE
  2901 | D:4      | 2901 ||| Stepping ~*~*~tactically~*~*~ (stealth).
  2903 | D:4      | 2903 ||| Stepping ~*~*~tactically~*~*~ (stealth).
  2915 | D:4      | Reached XP level 6. HP: 38/38 MP: 6/6
  2984 | D:4      | Noticed a black bear
  3002 | D:4      | Killed a black bear
  3343 | D:4      | Found an ornate altar of the Wu Jian Council.
  3444 | D:4      | Found a blossoming altar of Fedhas.
  3571 | D:4      | 3571 ||| READING 2 scrolls of identify.
  3571 | D:4      | 3571 ||| IDENTIFYING sapphire potion
  3593 | D:5      | Entered Level 5 of the Dungeon
  3594 | D:5      | 3594 ||| PLANNING SEWER
  3600 | D:5      | Reached skill level 6 in Axes
  3603 | D:5      | HP: 8/38 [orc wizard/+0 dagger (2)]
  3604 | D:5      | 3604 ||| READING 3 scrolls of teleportation.
  3606 | D:5      | Reached XP level 7. HP: 10/43 MP: 7/7
  3607 | D:5      | 3607 ||| READING 2 scrolls of teleportation.
  3639 | D:5      | HP: 3/43 [ogre/+0 giant club (12)]
  3640 | D:5      | 3640 ||| READING scroll of teleportation.
  3642 | D:5      | Demolished by an ogre

Levels and vault maps discovered:
D:1:      matt_arrival_spirals, layout_basic
D:2:      layout_loops_ring, shapermc_ecumenical_altar_flowoftime,
          minmay_tetromino_o2
D:3:      layout_loops_cross, uniq_ijyb
D:4:      layout_cave_pools, nicolae_wu_jian_glorious_leap,
          fedhas_altar_decomposition
D:5:      layout_basic, lightli_sewer_entry_pipes,
          chequers_serial_rivers_micro_e, hangedman_decor_riveting,
          serial_bayou_pond_a, nicolae_fountain_basement, uniq_menkaure,
          uniq_sigmund, uniq_eustachio

Skill      XL: |  1  2  3  4  5  6 |
---------------+-------------------+-----
Axes           | 2 3 4 5 6 |  6.2
Fighting       | 4 |  4.0
Armour         | 4 |  4.0
Shields        | |  3.2

Action                   |  1- 3 |  4- 6 |  7- 9 || total
-------------------------+-------+-------+-------++-------
Melee: War axe           |   128 |   124 |    11 ||   263
  Use: Scroll            |     6 |     5 |     2 ||    13
       Potion            |     3 |       |       ||     3
Armor: Scale mail        |    58 |       |       ||    58
       Plate armour      |     9 |    93 |    13 ||   115
Dodge: Dodged            |    55 |    69 |     3 ||   127
Block: Buckler           |    28 |    26 |       ||    54

Table legend:
 A = Non-vault XP
 B = Vault XP
 C = Vault XP percentage of total XP
 D = Non-vault monster count
 E = Vault monster count
 F = Vault count percentage of total count
                 A         B        C        D         E       F
            +---------+---------+-------+---------+---------+-------
      Total |     567 |     109 |  16.1 |      90 |       7 |   7.2
            +---------+---------+-------+---------+---------+-------
        D:1 |      49 |       0 |   0.0 |      30 |       0 |   0.0
        D:2 |      25 |       2 |   7.4 |      15 |       1 |   6.2
        D:3 |      98 |      35 |  26.3 |      16 |       1 |   5.9
        D:4 |     303 |       0 |   0.0 |      25 |       0 |   0.0
        D:5 |      92 |      72 |  43.9 |       4 |       5 |  55.6
            +---------+---------+-------+---------+---------+-------
